 Dungeon Crawl Stone Soup version 0.22.1-1-ga44c0e5 (webtiles) character file.

331796 MalarOregon the Peltast (level 20, -2/184 HPs)
             Began as a Minotaur Berserker on Sept 20, 2018.
             Was the Champion of Trog.
             Killed from afar by a deep elf death mage (10 damage)
             ... with a bolt of negative energy
             ... on level 3 of the Elven Halls.
             The game lasted 01:35:24 (29599 turns).

MalarOregon the Peltast (Minotaur Berserker)       Turns: 29599, Time: 01:35:24

Health: -2/184     AC: 29    Str: 37    XL:     20   Next: 88%
Magic:  28/38      EV: 19    Int:  9    God:    Trog [******]
Gold:   1123       SH: 34    Dex: 17    Spells: 19/19 levels left

rFire    + . .     SeeInvis .   a - +10 falchion "Biovvoum" {slice, rC+ rN+ Str+4 Dex+2}
rCold    + + +     Gourm    .   q - +4 large shield
rNeg     + . .     Faith    .   n - +3 chain mail {rF+}
rPois    +         Spirit   .   L - +3 hat of Pondering {ponderous, MR+ MP+10 Int+5}
rElec    +         Reflect  +   w - +2 cloak of Cagooh {rC+ Regen+ Dex+4}
rCorr    .         Harm     .   s - +2 pair of gloves
MR       ++++.                  E - +0 pair of boots of Oblivion {rElec rPois rC+ Regen+}
Stlth    ..........             Y - +4 amulet of reflection
HPRegen  2.20/turn              l - +3 ring of slaying
MPRegen  0.26/turn              Z - +3 ring of strength

@: regenerating, drained, slow
A: retaliatory headbutt, horns 2
}: 2/15 runes: decaying, serpentine
a: Berserk, Trog's Hand, Brothers in Arms, Renounce Religion


You were on level 3 of the Elven Halls.
You worshipped Trog.
Trog was exalted by your worship.
You were near starving.

You visited 6 branches of the dungeon, and saw 34 of its levels.
You also visited: Labyrinth, Ice Cave and Volcano.

You collected 3373 gold pieces.
You spent 2250 gold pieces at shops.

Inventory:

Hand Weapons
 a - the +10 falchion "Biovvoum" (weapon) {slice, rC+ rN+ Str+4 Dex+2}
   (You bought it in a shop on level 10 of the Dungeon)

   It inflicts extra damage upon your enemies.
   It affects your strength (+4).
   It affects your dexterity (+2).
   It protects you from cold.
   It protects you from negative energy.
 b - a +5 double sword of electrocution
   (Trog gifted it to you on level 1 of the Snake Pit)
Missiles
 S - 2 throwing nets (quivered) {!f}
 V - 22 silver javelins
Armour
 n - a +3 chain mail of fire resistance (worn)
   (You found it in a volcano)
 q - a +4 large shield (worn)
   (You found it on level 1 of the Dungeon)
 s - a +2 pair of gloves (worn)
   (You found it on level 3 of the Dungeon)
 w - the +2 cloak of Cagooh (worn) {rC+ Regen+ Dex+4}
   (You found it on level 4 of the Dungeon)

   It affects your dexterity (+4).
   It protects you from cold.
   It increases your rate of regeneration.
 E - the +0 pair of boots of Oblivion (worn) {rElec rPois rC+ Regen+}
   (You bought it in a shop on level 8 of the Dungeon)

   It protects you from cold.
   It insulates you from electricity.
   It protects you from poison.
   It increases your rate of regeneration.
 L - the +3 hat of Pondering (worn) {ponderous, MR+ MP+10 Int+5}
   (You took it off Gastronok on level 9 of the Dungeon)

   It affects your intelligence (+5).
   It affects your resistance to hostile enchantments.
   It affects your magic capacity (+10).
 W - a +2 cloak of invisibility
   (You acquired it on level 3 of the Lair of Beasts)
Jewellery
 l - a +3 ring of slaying (left hand)
   (You found it on level 1 of the Lair of Beasts)
 z - an uncursed ring of see invisible
   (You found it on level 4 of the Dungeon)
 I - an uncursed ring of fire
   (You found it on level 9 of the Dungeon)
 Y - a +4 amulet of reflection (around neck)
   (You found it on level 2 of the Swamp)
 Z - a +3 ring of strength (right hand)
   (You bought it in a shop on level 2 of the Orcish Mines)
Wands
 c - a wand of disintegration (42)
   (You found it on level 7 of the Dungeon)
 d - a wand of iceblast (9)
   (You took it off a deep elf mage on level 1 of the Elven Halls)
 p - a wand of scattershot (2)
   (You found it on level 14 of the Dungeon)
 t - a wand of flame (23)
   (You bought it in a shop on level 2 of the Orcish Mines)
 u - a wand of paralysis (25)
   (You found it on level 7 of the Dungeon)
 v - a wand of digging (38)
   (You found it on level 5 of the Dungeon)
 x - a wand of acid (20)
   (You found it on level 6 of the Lair of Beasts)
 A - a wand of enslavement (10)
   (You found it on level 2 of the Snake Pit)
 O - a wand of polymorph (7)
   (You took it off a naga on level 4 of the Snake Pit)
 R - a wand of clouds (11)
   (You took it off Harold on level 1 of the Lair of Beasts)
Scrolls
 g - 15 scrolls of teleportation {@r4}
 h - 4 scrolls of blinking
 i - 4 scrolls of magic mapping
 j - 6 scrolls of immolation {!r}
 y - 5 scrolls of fog
 G - 4 scrolls of fear
 M - a scroll of holy word
 N - 10 scrolls of remove curse {@r2}
 P - 3 scrolls of vulnerability {!r}
 U - 12 scrolls of identify {@r1}
Potions
 k - 3 potions of lignification {!q}
 m - 7 potions of ambrosia
 r - 7 potions of haste {@q3}
 B - 2 potions of mutation {!q}
 C - a potion of resistance
 F - 12 potions of curing {@q1}
 K - 2 potions of flight
 T - 6 potions of agility
 X - 4 potions of might
Miscellaneous
 H - a lamp of fire
   (You found it on level 11 of the Dungeon)
 J - a box of beasts
Comestibles
 e - 53 rations {!d}
 o - 8 chunks of flesh


   Skills:
 + Level 17.3(16.9) Fighting
 - Level 16.0(15.6) Long Blades
 + Level 17.0(16.6) Armour
 + Level 15.8(15.5) Dodging
 * Level 20.1(19.7) Shields
 + Level 12.1(11.8) Evocations


You had 19 spell levels left.
You didn't know any spells.
Your spell library was empty.

Dungeon Overview and Level Annotations

Branches:
Dungeon (15/15)            Temple (0/1) D:7            Lair (6/6) D:10
  Swamp (4/4) Lair:4        Snake (4/4) Lair:4        Slime (0/5) Lair:5
    Orc (2/2) D:12            Elf (3/3) Orc:2        Vaults (0/5) D:14
 Depths (0/5) D:15

Altars:
Ashenzari
Cheibriados
Dithmenos
Elyvilon
Hepliaklqana
Nemelex Xobeh
Ru
Trog
Wu Jian
Xom
Yredelemnul
The Shining One

Shops:
D:4 [   D:5 :   D:8 [   D:10 (   D:13 [   D:14 =:   Orc:2 [***   Elf:2 *
Snake:1 ?   Snake:4 ?


Innate Abilities, Weirdness & Mutations

You reflexively headbutt those who attack you in melee.
You have a pair of horns on your head.


Message History

You resist.
The bolt of negative energy hits your water elemental.
Your water elemental completely resists.
The bolt of negative energy hits your earth elemental.
Your earth elemental completely resists.
You cannot move.
Your magical effects are unravelling.
You feel magically purged.
You feel less wooden.
The +2 cloak of Cagooh {rC+ Regen+ Dex+4} unmelds from your body.
The +3 hat of Pondering {ponderous, MR+ MP+10 Int+5} unmelds from your body.
Your +2 pair of gloves unmelds from your body.
The +0 pair of boots of Oblivion {rElec rPois rC+ Regen+} unmelds from your Your +3 chain mail of fire resistance unmelds from your body.
You feel rather ponderous.
You feel resistant to fire.
You feel the effects of Trog's Hand fading.
The ufetubus hits your orc warrior but does no damage. x2
Send 'em back where they came from!
Your water elemental dissolves into shadows!
Trog shields your ally from puny magic!
Your orc high priest dissolves into shadows!
Your orc warrior dissolves into shadows!
Your orc dissolves into shadows! x2
You block the halberd of venom's attack.
The Tzitzimitl calls on the powers of darkness!
Your body is wracked with pain!
* * * LOW HITPOINT WARNING * * *
The deep elf death mage convulses!
The deep elf knight convulses!
The deep elf annihilator convulses!
The deep elf mage convulses!
The deep elf high priest convulses!
The Ice Fiend gestures at you. The bolt of cold hits you! You resist.
* * * LOW HITPOINT WARNING * * *
The deep elf death mage points at you and mumbles some strange words.
The bolt of negative energy misses you.
The bolt of negative energy hits your earth elemental.
Your earth elemental completely resists.
You swap places.
Send 'em back where they came from!
Your earth elemental dissolves into shadows!
The Tzitzimitl calls on the powers of darkness!
Your body is wracked with pain!
* * * LOW HITPOINT WARNING * * *
The deep elf death mage convulses!
The deep elf knight convulses!
The deep elf mage convulses!
The deep elf high priest convulses!
The deep elf annihilator convulses!
The deep elf death mage casts a spell at you.
The bolt of negative energy hits the Ice Fiend.
The Ice Fiend completely resists.
The bolt of negative energy hits you! You partially resist.
You feel drained.
You die...

#..# #).#
#≈≈# #≈≈#
#≈≈# #..#
#.)# #..#
#@1# #1)#
#ee# (e3*≈
*455*≈e5
.≈≈e.≈≈e5..
..≈≈Ee≈≈5..#
#####e.######


eE.. You could see a Tzitzimitl, an Ice Fiend, a deep elf annihilator, a deep
elf death mage, a deep elf elementalist, a ghostly deep elf demonologist, a deep
elf knight, a deep elf high priest, an earth elemental, a hellwing, a deep elf
mage, a ynoxinul, 2 lost souls, a halberd of venom and 3 ufetubi.

Vanquished Creatures
  Saint Roka (Snake:4)
  Nikola (Elf:1)
  Frances (D:12)
  Gastronok (D:9)
  Kirke (Elf:1)
  7 nagarajas
  An azure jelly (Swamp:4)
  A deep elf sorcerer (Elf:3)
  An emperor scorpion (D:15)
  Louise (Snake:4)
  2 deep elf elementalists (Elf:3)
  An entropy weaver (Lair:5)
  2 deep elf demonologists (Elf:3)
  A dire elephant (D:15)
  A minotaur (Lab)
  A deep elf annihilator (Elf:3)
  Azrael (Snake:1)
  A red draconian (Volcano)
  Josephine (Orc:2)
  5 deep elf death magi
  A fire dragon (Elf:1)
  Erolcha (D:13)
  2 ettins (Orc:1)
  3 ogre magi
  10 hydras
  13 naga warriors
  Harold (Lair:1)
  2 ice dragons (Swamp:4)
  6 anacondas
  2 ghost crabs (Swamp:2)
  14 alligators
  17 two-headed ogres
  25 dancing weapons
  3 centaur warriors
  5 death yaks
  8 naga sharpshooters
  Sonja (Orc:2)
  7 shock serpents
  A shock serpent (shapeshifter) (Elf:3)
  15 deep elf knights
  3 salamander mystics
  An unseen horror (D:8)
  7 naga ritualists
  A spriggan druid (Swamp:4)
  4 deep elf archers
  2 lindwurms (Lair:4)
  A swamp dragon (Swamp:2)
  56 deep elf magi
  2 orc knights (Orc:2)
  7 mana vipers
  An orc sorcerer (Snake:4)
  3 cyclopes
  9 ugly things
  A wolf spider (Elf:1)
  4 manticores
  An oklob plant (Lair:4)
  2 salamanders (Snake:2)
  16 slime creatures
  39 black mambas
  Joseph (D:8)
  10 elephants
  3 ice statues (IceCv)
  13 naga magi
  3 torpor snails
  7 guardian serpents
  A gargoyle (D:13)
  24 spiny frogs
  8 komodo dragons
  4 yaktaurs (D:14)
  2 rime drakes
  2 ice devils (D:11)
  An efreet (D:15)
  4 freezing wraiths (Swamp:4)
  3 kobold demonologists
  7 trolls
  7 polar bears
  The ghost of Greyaxe the Chopper, an amateur HOFi of Nemelex Xobeh (D:4)
  14 hornets
  11 tyrant leeches
  A wind drake (shapeshifter) (D:15)
  Grinder (D:6)
  13 blink frogs
  12 hippogriffs
  6 bog bodies
  9 dream sheep (Lair:6)
  A meliai zombie (D:12)
  5 wyverns
  Sigmund (D:3)
  3 air elementals
  A shadow (Swamp:3)
  6 wraiths
  25 spriggans
  A vampire (D:13)
  2 water elementals (Elf:3)
  3 basilisks
  4 hogs (Elf:1)
  5 fire bats
  A yak (shapeshifter) (Elf:2)
  42 yaks
  7 fire elementals
  Grum (D:9)
  5 swamp worm simulacra (Swamp:4)
  4 hungry ghosts (Lab)
  3 wargs
  A steam dragon (D:13)
  14 vampire mosquitoes
  50 nagas
  6 insubstantial wisps
  A soldier ant (D:13)
  17 swamp worms
  An acid dragon (D:13)
  25 water moccasins
  15 hydra simulacra (Swamp:4)
  2 hell hounds (Snake:1)
  12 porcupines
  3 swamp drakes
  48 orc warriors
  6 sky beasts
  16 ice beasts
  An ogre (shapeshifter) (Elf:1)
  A necrophage (D:11)
  A phantom (D:13)
  3 black bears
  21 wolves
  4 boggarts (Lair:6)
  24 centaurs
  8 ogres
  16 crocodiles
  24 bullfrogs
  19 big kobolds
  An earth elemental (Lab)
  7 scorpions
  11 killer bees
  9 wights
  A vampire bat (Elf:1)
  4 howler monkeys (D:10)
  3 electric eels (D:10)
  5 crimson imps
  A centaur zombie (D:7)
  A lava snake (Lair:3)
  2 bullfrog zombies (D:12)
  A quasit (D:10)
  5 jellies
  A gnoll shaman (D:8)
  8 hounds
  19 orc priests
  4 centaur skeletons
  Terence (D:2)
  2 iguanas
  33 orc wizards
  10 worker ants
  A killer bee zombie (D:5)
  2 hound skeletons
  6 gnolls
  16 adders
  2 shadow imps
  2 oozes
  3 swamp drake simulacra (Swamp:4)
  An adder zombie (D:5)
  5 worms
  7 dart slugs
  14 leopard geckos
  101 orcs
  13 bats
  8 giant cockroaches
  10 hobgoblins
  34 kobolds
  3 quokkas
  A ball python (D:2)
  3 frilled lizards
  8 goblins
  2 leopard gecko skeletons
  2 leopard gecko zombies
  4 rats
  A fungus (Lair:5)
  4 plants
1338 creatures vanquished.

Vanquished Creatures (collateral kills)
  2 deep elf elementalists (Elf:3)
  A deep elf death mage (Elf:3)
  Fannar (Lair:1)
  A deep elf mage (Elf:3)
  A naga mage (Snake:4)
  Psyche (D:8)
  2 killer bees (D:8)
9 creatures vanquished.

Vanquished Creatures (others)
  An ice dragon (Swamp:4)
  2 naga sharpshooters
  2 deep elf knights (Elf:1)
  3 deep elf archers
  5 deep elf magi
  A naga mage (Snake:4)
  A yaktaur (D:14)
  An air elemental (Elf:1)
  A water elemental (Elf:1)
  A naga (Snake:4)
  A porcupine (Elf:1)
  2 orc warriors (Orc:2)
  5 centaurs
  A hound (D:10)
  4 orcs
  4 fungi (Lair:6)
  3 plants
38 creatures vanquished.

Grand Total: 1385 creatures vanquished

Notes
Turn   | Place    | Note
-------+----------+-------------------------------------------
     0 | D:1      | MalarOregon the Minotaur Berserker began the quest for the
                  | Orb.
     0 | D:1      | Reached XP level 1. HP: 19/19 MP: 0/0
    71 | D:1      | Reached XP level 2. HP: 19/27 MP: 1/1
   342 | D:1      | Reached XP level 3. HP: 30/33 MP: 2/2
   747 | D:2      | Noticed Terence
   757 | D:2      | Reached ** piety under Trog
   768 | D:2      | Killed Terence
   768 | D:2      | Reached skill level 1 in Shields
   768 | D:2      | Reached XP level 4. HP: 40/40 MP: 3/3
   868 | D:2      | Reached skill level 5 in Long Blades
   954 | D:2      | Found a shimmering altar of Xom.
  1011 | D:2      | Found a glowing golden altar of the Shining One.
  1015 | D:2      | Reached XP level 5. HP: 44/47 MP: 4/4
  1600 | D:3      | Reached skill level 2 in Shields
  1631 | D:3      | Noticed Sigmund
  1944 | D:3      | Killed Sigmund
  1944 | D:3      | Reached XP level 6. HP: 55/55 MP: 5/5
  1978 | D:3      | Found a shadowy altar of Dithmenos.
  2034 | D:3      | Reached *** piety under Trog
  2189 | D:3      | Reached skill level 5 in Fighting
  2219 | D:3      | Found a white marble altar of Elyvilon.
  2233 | D:3      | Found a bloodstained altar of Trog.
  2236 | D:3      | Found a glowing golden altar of the Shining One.
  2239 | D:3      | Found an ornate altar of the Wu Jian Council.
  2577 | D:4      | Reached skill level 3 in Shields
  2577 | D:4      | Reached XP level 7. HP: 48/61 MP: 6/6
  2645 | D:4      | Got a brightly glowing cloak
  3122 | D:4      | Found Vineahos's Antique Armour Shoppe.
  3153 | D:4      | Found a runed gate.
  3153 | D:4      | Noticed Greyaxe's ghost (amateur HOFi)
  3154 | D:4      | Found a runed gate.
  3155 | D:4      | Found a runed gate.
  3368 | D:4      | Killed Greyaxe's ghost
  3480 | D:4      | Identified the +2 cloak of Cagooh {rC+ Regen+ Dex+4} (You
                  | found it on level 4 of the Dungeon)
  3481 | D:5      | Entered Level 5 of the Dungeon
  3489 | D:5      | Reached skill level 5 in Armour
  3513 | D:5      | Found Taruepea's Book Emporium.
  3581 | D:5      | Reached XP level 8. HP: 63/70 MP: 7/7
  3587 | D:5      | Reached skill level 4 in Shields
  3776 | D:5      | Found a basalt altar of Yredelemnul.
  4114 | D:6      | Reached **** piety under Trog
  4114 | D:6      | Reached skill level 5 in Dodging
  4128 | D:6      | Found a snail-covered altar of Cheibriados.
  4178 | D:6      | Found a sparkling altar of Nemelex Xobeh.
  4691 | D:6      | Noticed Grinder
  4709 | D:6      | Killed Grinder
  4709 | D:6      | Reached skill level 5 in Shields
  4839 | D:7      | Found a shattered altar of Ashenzari.
  4887 | D:7      | Found a staircase to the Ecumenical Temple.
  4932 | D:7      | Reached XP level 9. HP: 77/78 MP: 8/8
  5880 | D:8      | Noticed a two-headed ogre
  5887 | D:8      | Killed a two-headed ogre
  5887 | D:8      | Reached skill level 10 in Long Blades
  5887 | D:8      | Reached skill level 6 in Shields
  5950 | D:8      | Found Innorogh's Antique Armour Emporium.
  5973 | D:8      | Noticed an unseen horror
  5992 | D:8      | Killed an unseen horror
  6022 | D:8      | Reached XP level 10. HP: 88/88 MP: 9/9
  6044 | D:8      | Noticed a soul eater
  6106 | D:8      | Reached skill level 7 in Shields
  6138 | D:8      | Received a gift from Trog
  6155 | D:8      | Noticed Psyche
  6168 | D:8      | Killed Psyche
  6307 | D:8      | Noticed Joseph
  6310 | D:8      | Noticed a manticore
  6329 | D:8      | Killed Joseph
  6349 | D:8      | Killed a manticore
  6726 | D:9      | Noticed Grum
  6731 | D:9      | Killed Grum
  6766 | D:9      | Found a hazy altar of Hepliaklqana.
  7150 | D:9      | Noticed Gastronok
  7174 | D:9      | Killed Gastronok
  7174 | D:9      | Reached skill level 8 in Shields
  7174 | D:9      | Reached XP level 11. HP: 74/97 MP: 10/10
  7276 | D:10     | Entered Level 10 of the Dungeon
  7460 | D:10     | Found a staircase to the Lair.
  7564 | D:10     | Found a sacrificial altar of Ru.
  7659 | D:10     | Found Quixkeol's Antique Weapon Emporium.
  7666 | D:10     | Bought a dazzling falchion for 200 gold pieces
  7666 | D:10     | Identified the +10 falchion "Biovvoum" {slice, rC+ rN+
                  | Str+4 Dex+2} (You bought it in a shop on level 10 of the
                  | Dungeon)
  7933 | D:11     | Found a shadowy altar of Dithmenos.
  7970 | D:11     | Noticed a two-headed ogre
  7973 | D:11     | Killed a two-headed ogre
  7973 | D:11     | Reached skill level 1 in Evocations
  8011 | D:11     | Reached ***** piety under Trog
  8020 | D:11     | Received a gift from Trog
  8025 | D:11     | Found a frozen archway.
  8046 | IceCv    | Entered an ice cave
  8076 | IceCv    | Noticed a white ugly thing
  8087 | IceCv    | Killed a white ugly thing
  8121 | IceCv    | Reached skill level 10 in Fighting
  8121 | IceCv    | Reached skill level 9 in Shields
  8123 | IceCv    | Noticed a white ugly thing
  8162 | IceCv    | Killed a white ugly thing
  8281 | D:11     | Noticed a red ugly thing
  8289 | D:11     | Killed a red ugly thing
  8842 | Lair:1   | Entered Level 1 of the Lair of Beasts
  8845 | Lair:1   | Reached XP level 12. HP: 107/107 MP: 13/13
  8846 | Lair:1   | Noticed Fannar
  8856 | Lair:1   | Killed Fannar
  8856 | Lair:1   | Reached skill level 10 in Armour
  8881 | Lair:1   | Found a labyrinth entrance.
  8901 | Lair:1   | Noticed Harold
  8920 | Lair:1   | Killed Harold
  9037 | Lab      | Entered a labyrinth
  9326 | Lab      | Noticed a minotaur
  9338 | Lab      | Killed a minotaur
  9345 | Lab      | Identified the Compendium of Self-Improvement
  9346 | Lab      | Got a polished leather armour
  9350 | Lab      | Identified Utrapur's Volume of Supportive Snow
  9351 | Lab      | Got an ichor-stained robe
  9377 | Lair:1   | Received a gift from Trog
  9380 | Lair:1   | Reached skill level 10 in Shields
  9661 | Lair:1   | Identified the cursed +0 robe of Context {rElec rN+ MR+}
                  | (You found it in a labyrinth)
  9673 | Lair:1   | Identified the cursed +0 leather armour "Omof" {rC+ Str+2}
                  | (You found it in a labyrinth)
 10187 | Lair:2   | Reached skill level 10 in Dodging
 10635 | Lair:2   | Reached skill level 5 in Evocations
 10635 | Lair:2   | Reached XP level 13. HP: 116/116 MP: 15/15
 10842 | Lair:3   | Identified a scroll of acquirement
 11188 | Lair:3   | Reached skill level 11 in Shields
 11201 | Lair:3   | Received a gift from Trog
 11755 | Lair:4   | Found a dark tunnel.
 11770 | Volcano  | Entered a volcano
 11810 | Volcano  | Noticed a red draconian
 11818 | Volcano  | Killed a red draconian
 12066 | Lair:4   | Found a staircase to the Snake Pit.
 12254 | Lair:4   | Reached XP level 14. HP: 127/127 MP: 18/18
 12256 | Lair:4   | Reached skill level 12 in Shields
 12868 | Lair:4   | Found a staircase to the Swamp.
 13233 | Lair:5   | Reached ****** piety under Trog
 13433 | Lair:5   | Found a staircase to the Slime Pits.
 13541 | Lair:5   | Noticed an entropy weaver
 13541 | Lair:5   | a six-headed hydra changed into an entropy weaver
 13555 | Lair:5   | Killed an entropy weaver
 13616 | Lair:6   | Entered Level 6 of the Lair of Beasts
 13778 | Lair:6   | Received a gift from Trog
 13844 | Lair:6   | Received a gift from Trog
 14115 | Lair:6   | Reached skill level 13 in Shields
 15038 | D:4      | Bought a pair of glowing boots for 202 gold pieces
 15038 | D:4      | Bought a glowing cloak for 202 gold pieces
 15074 | D:4      | Identified a +2 pair of boots of running (You bought it in
                  | a shop on level 4 of the Dungeon)
 15234 | D:8      | Bought a pair of pitted boots for 247 gold pieces
 15244 | D:8      | Identified the +0 pair of boots of Oblivion {rElec rPois
                  | rC+ Regen+} (You bought it in a shop on level 8 of the
                  | Dungeon)
 15441 | D:12     | Reached XP level 15. HP: 137/137 MP: 20/20
 15555 | D:12     | Received a gift from Trog
 15991 | D:12     | Noticed Frances
 16002 | D:12     | Killed Frances
 16143 | D:12     | Found a staircase to the Orcish Mines.
 16353 | D:13     | Noticed Erolcha
 16358 | D:13     | Killed Erolcha
 16386 | D:13     | Received a gift from Trog
 16488 | D:13     | Found Fus Sois's Antique Armour Boutique.
 16861 | D:14     | Found Esyori's Book Shop.
 17098 | D:14     | Found Kadeos's Jewellery Shoppe.
 17106 | D:14     | Bought a +3 amulet of reflection for 266 gold pieces
 17315 | D:14     | Received a gift from Trog
 17490 | D:14     | Found a gate to the Vaults.
 17651 | D:15     | Entered Level 15 of the Dungeon
 17909 | D:15     | Found a staircase to the Depths.
 17940 | D:15     | Reached skill level 14 in Shields
 18657 | Orc:1    | Entered Level 1 of the Orcish Mines
 18791 | Orc:2    | Entered Level 2 of the Orcish Mines
 18791 | Orc:2    | Found a staircase to the Elven Halls.
 18800 | Orc:2    | Noticed Sonja
 18809 | Orc:2    | Killed Sonja
 18843 | Orc:2    | Received a gift from Trog
 18860 | Orc:2    | Got an iridescent falchion {god gift}
 18862 | Orc:2    | Identified the +7 falchion of Overwhelming Force
                  | {antimagic, +Rage Int+3 Dex+2 Stlth-} (Trog gifted it to
                  | you on level 2 of the Orcish Mines)
 19012 | Orc:2    | Reached XP level 16. HP: 147/147 MP: 22/22
 19033 | Orc:2    | Found Imegouc's Assorted Antiques.
 19033 | Orc:2    | Found Efirch's General Store.
 19065 | Orc:2    | Found Muunkoku's Assorted Antiques.
 19067 | Orc:2    | Found Kiboib's Antique Armour Shop.
 19073 | Orc:2    | Noticed Josephine
 19103 | Orc:2    | Killed Josephine
 19114 | Orc:2    | Bought a cyan potion for 29 gold pieces
 19114 | Orc:2    | Bought a lead wand for 132 gold pieces
 19114 | Orc:2    | Bought a scroll of vulnerability for 247 gold pieces
 19114 | Orc:2    | Bought an onyx ring for 165 gold pieces
 19128 | Orc:2    | Bought a scroll of fog for 50 gold pieces
 19128 | Orc:2    | Bought a potion of lignification for 75 gold pieces
 19128 | Orc:2    | Bought a scroll of teleportation for 75 gold pieces
 19128 | Orc:2    | Bought a wand of flame (19) for 25 gold pieces
 19128 | Orc:2    | Bought a notched peridot ring for 125 gold pieces
 19485 | Orc:1    | Reached skill level 15 in Fighting
 19915 | Snake:1  | Entered Level 1 of the Snake Pit
 20007 | Snake:1  | Received a gift from Trog
 20187 | Snake:1  | Found Ozixe's Magic Scroll Emporium.
 20207 | Snake:1  | Bought a scroll of enchant armour for 105 gold pieces
 20207 | Snake:1  | Bought a scroll of enchant weapon for 105 gold pieces
 20477 | Snake:1  | Noticed Azrael
 20487 | Snake:1  | Killed Azrael
 20506 | Snake:1  | Reached skill level 10 in Evocations
 20880 | Snake:2  | Reached skill level 15 in Shields
 20888 | Snake:2  | Reached skill level 15 in Armour
 21047 | Snake:2  | Received a gift from Trog
 21104 | Snake:2  | Got an ancient robe
 22230 | Snake:3  | Identified the +1 robe of the Burgomaster {Int+2} (You
                  | found it on level 2 of the Snake Pit)
 22484 | Snake:4  | Entered Level 4 of the Snake Pit
 22493 | Snake:4  | Noticed Saint Roka
 22510 | Snake:4  | Killed Saint Roka
 22510 | Snake:4  | Reached XP level 17. HP: 157/157 MP: 23/23
 22524 | Snake:4  | Received a gift from Trog
 22533 | Snake:4  | Got an encrusted scimitar {god gift}
 22552 | Snake:4  | Identified the +1 scimitar of Destruction {slice, rElec
                  | rN++ MR-} (Trog gifted it to you on level 4 of the Snake
                  | Pit)
 22597 | Snake:4  | Noticed Louise
 22619 | Snake:4  | Killed Louise
 22683 | Snake:4  | Reached skill level 16 in Shields
 22683 | Snake:4  | Reached XP level 18. HP: 166/166 MP: 24/24
 22684 | Snake:4  | Reached skill level 17 in Shields
 22684 | Snake:4  | Reached XP level 19. HP: 172/172 MP: 25/25
 23347 | Snake:4  | Reached skill level 18 in Shields
 23366 | Snake:4  | Received a gift from Trog
 23366 | Snake:4  | Reached skill level 15 in Long Blades
 23757 | Snake:4  | Found Pialeol's Magic Scroll Emporium.
 23842 | Snake:4  | Got a serpentine rune of Zot
 24067 | Swamp:1  | Entered Level 1 of the Swamp
 24421 | Swamp:1  | Received a gift from Trog
 26013 | Swamp:4  | Entered Level 4 of the Swamp
 26123 | Swamp:4  | Received a gift from Trog
 26156 | Swamp:4  | Reached skill level 15 in Dodging
 26710 | Swamp:4  | Got a decaying rune of Zot
 27003 | Elf:1    | Entered Level 1 of the Elven Halls
 27023 | Elf:1    | Noticed Kirke
 27039 | Elf:1    | Killed Kirke
 27039 | Elf:1    | Reached XP level 20. HP: 182/182 MP: 27/27
 27056 | Elf:1    | Noticed Nikola
 27073 | Elf:1    | Killed Nikola
 27073 | Elf:1    | Reached skill level 19 in Shields
 27173 | Elf:1    | Identified the Papyrus of Shape Shifting
 27320 | Elf:1    | Got an ancient spear {pierce}
 27321 | Elf:1    | Identified the +6 spear "Lidwidghu" {pierce, Dex+4 SInv}
                  | (You took it off a deep elf mage on level 1 of the Elven
                  | Halls)
 27361 | Elf:1    | Got a pitted trident
 27362 | Elf:1    | Identified the +9 trident "Duqog" {flame, rF+} (You found
                  | it on level 1 of the Elven Halls)
 27460 | Elf:1    | Received a gift from Trog
 28060 | Elf:2    | Found a huge runed gate.
 28061 | Elf:2    | Found a huge runed gate.
 28062 | Elf:2    | Found a huge runed gate.
 28063 | Elf:2    | Found a huge runed gate.
 28064 | Elf:2    | Found a huge runed gate.
 28392 | Elf:2    | Received a gift from Trog
 28445 | Elf:2    | Found Lucaciq's Elven Fire.
 28955 | Elf:3    | Entered Level 3 of the Elven Halls
 29144 | Elf:3    | Received a gift from Trog
 29284 | Elf:3    | Reached skill level 20 in Shields
 29594 | Elf:3    | HP: 10/276 [reaper/scythe of slicing[a deep elf
                  | demonologist] (28)]
 29599 | Elf:3    | HP: 8/184 [???[a ghostly deep elf demonologist] (3)]
 29599 | Elf:3    | Killed from afar by a deep elf death mage

Skill      XL: |  1  2  3  4  5  6  7  8  9 10 11 12 13 14 15 16 17 18 19 20 |
---------------+-------------------------------------------------------------+-----
Long Blades    | 4 5 6 7 9 10 12 13 14 15 16 | 16.0
Fighting       | 4 5 6 8 9 10 11 12 13 14 15 16 17 | 17.3
Armour         | 3 4 5 6 7 8 9 11 12 13 14 15 16 17 | 17.0
Shields        | 1 2 3 5 6 8 9 10 11 13 14 15 16 17 18 20 | 20.1
Dodging        | 3 4 5 6 8 9 10 11 12 13 14 15 | 15.8
Evocations     | 3 5 6 8 9 10 11 12 | 12.1

Action                   |  1- 3 |  4- 6 |  7- 9 | 10-12 | 13-15 | 16-18 | 19-21 || total
-------------------------+-------+-------+-------+-------+-------+-------+-------++-------
Melee: Falchion          |    76 |   188 |       |   381 |  1315 |   532 |  1203 ||  3695
       Headbutt          |     9 |    43 |    68 |   219 |   463 |   197 |   401 ||  1400
       Long sword        |       |     9 |   279 |   318 |       |       |       ||   606
       Double sword      |       |       |       |       |       |     9 |       ||     9
Invok: Berserk           |     1 |       |     1 |     1 |     2 |     1 |     1 ||     7
       Trog's Hand       |       |       |       |     2 |     4 |       |     2 ||     8
       Brothers in Arms  |       |       |       |     2 |       |       |     3 ||     5
Evoke: Wand              |       |       |       |     5 |     9 |     1 |    45 ||    60
       Lamp of fire      |       |       |       |       |     1 |       |       ||     1
  Use: Scroll            |       |       |       |    26 |    13 |     8 |    11 ||    58
       Potion            |       |       |       |       |     1 |     3 |    12 ||    16
  Eat: Chunk             |       |     7 |    12 |    19 |    30 |     7 |    23 ||    98
       Ration            |       |       |       |       |     1 |     2 |     1 ||     4
Armor: Chain mail        |    29 |       |       |    23 |   298 |    62 |   214 ||   626
       Plate armour      |    13 |   122 |    99 |   162 |       |       |       ||   396
       Skin              |       |       |       |       |       |       |    26 ||    26
Dodge: Dodged            |    24 |    18 |    42 |   116 |   386 |    78 |   320 ||   984
Block: Large shield      |    34 |   167 |   213 |   531 |  1298 |   611 |  1513 ||  4367
       Reflection        |       |       |       |       |    62 |    82 |   132 ||   276
       Rpst.: Falchion   |     4 |     3 |       |    12 |    67 |    18 |    42 ||   146
       Long sword        |       |       |     7 |    11 |       |       |       ||    18
